 Dungeon Crawl Stone Soup version 0.22-a0-126-g307c7c3 (webtiles) character file.

208 Kavrick the Skirmisher (level 5, 11/42 HPs)
             Began as a Demonspawn Fighter on Jan 30, 2018.
             Quit the game on level 4 of the Dungeon.
             The game lasted 00:06:46 (2757 turns).

Kavrick the Skirmisher (Demonspawn Fighter)         Turns: 2757, Time: 00:06:47

Health: 11/42      AC:  8    Str: 18    XL:     5   Next: 55%
Magic:  5/5        EV:  7    Int:  9    God:
Gold:   119        SH: 15    Dex: 12    Spells: 4/4 levels left

rFire    . . .     SeeInvis .   a - +0 long sword
rCold    . . .     Gourm    .   c - +0 shield
rNeg     . . .     Faith    .   b - +0 scale mail
rPois    .         Spirit   .   (no helmet)
rElec    .         Reflect  .   (no cloak)
rCorr    .         Harm     .   r - +0 pair of gloves (curse)
MR       .....                  (no boots)
Stlth    ..........             (no amulet)
HPRegen  0.14/turn              (no ring)
MPRegen  0.09/turn              (no ring)

@: no status effects
A: talons 1, large bone plates 2
a: no special abilities


You were on level 4 of the Dungeon.
You were not hungry.

You visited 1 branch of the dungeon, and saw 4 of its levels.

You collected 119 gold pieces.

Inventory:

Hand Weapons
 a - a +0 long sword (weapon)
Armour
 b - a +0 scale mail (worn)
 c - a +0 shield (worn)
 r - a cursed +0 pair of gloves (worn)
Jewellery
 o - a +6 ring of protection {unknown}
Scrolls
 e - a scroll of random uselessness {unknown}
 g - a scroll of amnesia {unknown}
 h - 4 scrolls of remove curse {unknown}
 i - 3 scrolls of identify {unknown}
 j - a scroll of fear {unknown}
 k - a scroll of fog {unknown}
 p - a scroll of magic mapping {unknown}
Potions
 d - 2 potions of might
 l - 2 potions of ambrosia {unknown}
 m - a potion of degeneration {unknown}
 q - a potion of curing
Comestibles
 f - 7 rations
 n - 3 chunks of flesh


   Skills:
 + Level 3.8 Fighting
 * Level 3.6 Long Blades
 + Level 3.5 Armour
 + Level 3.5 Shields


You had 4 spell levels left.
You didn't know any spells.

Dungeon Overview and Level Annotations

Branches:
Dungeon (4/15)
 Temple: D:4-7

Altars:
Qazlal
Ru

Annotations:
D:4 Menkaure, Sigmund


Innate Abilities, Weirdness & Mutations

You have sharp toenails.
You are mostly covered in large bone plates. (SH +6)


Message History

Menkaure seems to speed up.
You hit Menkaure.
Menkaure is moderately damaged.
Sigmund mumbles some strange words.
Sigmund flickers and vanishes!
Deactivating autopickup; reactivate with Ctrl-A.
You block Menkaure's attack.
Menkaure shouts, "The sands of time shall wipe you from history!"
Menkaure closely misses you.
You hit Menkaure but do no damage.
Menkaure is moderately damaged.
Menkaure hits you but does no damage.
You hit Menkaure.
Menkaure is heavily damaged.
Menkaure hits you but does no damage. Something hits you.
Menkaure points at you and mumbles some strange words.
Pain shoots through your body!
* * * LOW HITPOINT WARNING * * *
You are too injured to fight recklessly!
Are you sure you want to abandon this character and quit the game? (Confirm with "yes".)

# #######.##
#.###........#
#...@M...#
#.###<###....#
#.# .....# #..
....## ####
...... ##?####
.# .#


You could see Menkaure.

Vanquished Creatures
  A howler monkey (D:4)
  Jessica (D:2)
  7 gnolls
  An adder (D:3)
  3 worms
  3 dart slugs
  2 leopard geckos
  An orc (D:3)
  3 giant cockroaches
  4 goblins (D:1)
  5 hobgoblins
  4 jackals (D:1)
  2 ball pythons
  6 bats
  3 frilled lizards
  7 kobolds
  5 rats
58 creatures vanquished.

Notes
Turn   | Place    | Note
-------+----------+-------------------------------------------
     0 | D:1      | Kavrick the Demonspawn Fighter began the quest for the Orb.
     0 | D:1      | Reached XP level 1. HP: 18/18 MP: 1/1
   255 | D:1      | Gained mutation: You are partially covered in large bone plates. (SH +4) [demonic ancestry]
   255 | D:1      | Reached XP level 2. HP: 24/24 MP: 2/2
   848 | D:2      | Gained mutation: You have sharp toenails. [demonic ancestry]
   848 | D:2      | Reached XP level 3. HP: 13/29 MP: 3/3
  1025 | D:2      | Found a sacrificial altar of Ru.
  1327 | D:2      | Reached XP level 4. HP: 35/35 MP: 4/4
  1356 | D:2      | Noticed Jessica
  1363 | D:2      | Killed Jessica
  2014 | D:3      | Gained mutation: You are mostly covered in large bone plates. (SH +6) [demonic ancestry]
  2014 | D:3      | Reached XP level 5. HP: 26/42 MP: 5/5
  2019 | D:3      | HP: 2/42 [gnoll/halberd (10)]
  2362 | D:3      | Found a stormy altar of Qazlal.
  2364 | D:3      | Noticed an air elemental
  2365 | D:3      | Noticed a water elemental
  2365 | D:3      | Noticed a fire elemental
  2747 | D:4      | Noticed Menkaure
  2749 | D:4      | Noticed Sigmund
  2757 | D:4      | Quit the game

Vault maps used:
D:1:      minmay_arrival_split_and_join, hangedman_abyss_or_decor_lesser_grid,
          st_stairs_1
D:2:      roderic_roman_lattice, serial_bayou_pond_c, st_stairs_6,
          nicolae_ru_sacrificial_ziggurat, uniq_jessica
D:3:      nicolae_qazlal_style_of_elements
D:4:      enter_ossuary_5, uniq_sigmund, uniq_menkaure

Skill      XL: |  1  2  3  4 |
---------------+-------------+-----
Long Blades    | 2 3 |  3.6
Armour         | 3 |  3.5
Shields        | 3 |  3.5
Fighting       | |  3.8

Action                   |  1- 3 |  4- 6 || total
-------------------------+-------+-------++-------
Melee: Long sword        |   102 |    87 ||   189
       Kick              |    11 |    27 ||    38
  Eat: Chunk             |     1 |     5 ||     6
Armor: Scale mail        |    36 |    21 ||    57
Dodge: Dodged            |    31 |    18 ||    49
Block: Shield            |    72 |    59 ||   131
       Rpst.: Long sword |    11 |     5 ||    16

Table legend:
 A = Spawn XP
 B = Non-spawn XP
 C = Spawn XP percentage of total XP
 D = Spawn monster count
 E = Non-spawn monster count
 F = Spawn count percentage of total count
 G = Total turns spent on level
                    A         B        C        D         E        F      G
               +---------+---------+-------+---------+---------+-------+---------
         Total |       0 |     298 |   0.0 |       0 |      58 |   0.0 |  2757
               +---------+---------+-------+---------+---------+-------+---------
           D:1 |       0 |      34 |   0.0 |       0 |      18 |   0.0 |   823
           D:2 |       0 |     101 |   0.0 |       0 |      14 |   0.0 |  1043
           D:3 |       0 |     112 |   0.0 |       0 |      25 |   0.0 |   866
           D:4 |       0 |      51 |   0.0 |       0 |       1 |   0.0 |    25
               +---------+---------+-------+---------+---------+-------+---------
